 Dungeon Crawl Stone Soup version 0.13-a0-2001-g039544c (webtiles) character file.

350 Kae the Cudgeler (level 5, -5/70 HPs)
             Began as a Minotaur Berserker on June 25, 2013.
             Was a Priest of Trog.
             Killed from afar by Sigmund (10 damage)
             ... with a magic dart
             ... on Level 4 of the Dungeon.
             The game lasted 00:03:45 (2592 turns).

Kae the Cudgeler (Minotaur Berserker)               Turns: 2592, Time: 00:03:46

HP  -5/70        AC  4     Str 28      XL: 5   Next: 92%
MP   1/1         EV 12     Int  4      God: Trog [***...]
Gold 94          SH  0     Dex  9      Spells:  0 memorised,  4 levels left

Res.Fire  : . . .   See Invis. : .   a - +0 mace
Res.Cold  : . . .   Warding    : .   b - +0 animal skin
Life Prot.: . . .   Conserve   : .   (no shield)
Res.Poison: .       Res.Corr.  : .   (helmet restricted)
Res.Elec. : .       Clarity    : .   p - +0 cloak
Sust.Abil.: . .     Spirit.Shd : .   (no gloves)
Res.Mut.  : .       Stasis     : .   w - +0 pair of boots
Res.Rott. : .       Flight     : .   (no amulet)
Saprovore : . . .                    (no ring)
                                     (no ring)

@: regenerating (expiring), berserking (expiring), mildly poisoned, very quick,
quite resistant to hostile enchantments, extremely unstealthy
A: retaliatory headbutt, horns 2
a: Burn Spellbooks, Berserk, Trog's Hand, Renounce Religion


You were on level 4 of the Dungeon.
You worshipped Trog.
Trog was greatly pleased with you.
You were hungry.

You visited 1 branch of the dungeon, and saw 4 of its levels.

You collected 74 gold pieces.

Inventory:

Hand weapons
 a - a +0,+0 mace (weapon)
Armour
 b - a +0 animal skin (worn)
 p - a +0 cloak (worn)
 w - a +0 pair of boots (worn)
Comestibles
 c - 2 bread rations
 x - 2 meat rations
Scrolls
 d - 4 scrolls of identify {unknown}
 g - 2 scrolls of curse weapon {unknown}
 h - a scroll of curse jewellery {unknown}
 j - 4 scrolls of random uselessness {unknown}
 k - 2 scrolls of teleportation {unknown}
 l - a scroll of fear {unknown}
 o - a scroll of blinking {unknown}
 q - a scroll of recharging {unknown}
 r - 3 scrolls of remove curse {unknown}
 v - a scroll of enchant armour {unknown}
Potions
 e - a potion of slowing {unknown}
 f - a potion of restore abilities {unknown}
 i - 2 potions of curing
 m - 2 potions of mutation {unknown}
 n - a potion of degeneration {unknown}
 s - a potion of flight {unknown}
 t - 2 potions of agility {unknown}
 u - a potion of might {unknown}


   Skills:
 + Level 4.8 Fighting
 * Level 5.4 Maces & Flails
 + Level 4.4 Armour
 + Level 3.4 Dodging


You had 4 spell levels left.
You didn't know any spells.

Dungeon Overview and Level Annotations

Branches:
Dungeon (4/27)             Temple (0/1) D:4

Altars:
Cheibriados

Annotations
D:4 Sigmund


Innate Abilities, Weirdness & Mutations

You reflexively headbutt those who attack you in melee.
You have a pair of horns on your head.


Message History

The magic dart hits you!
* * * LOW HITPOINT WARNING * * *
You hit it. Your headbutt misses it.
* * * LOW HITPOINT WARNING * * *
You feel sick.
Unknown command.
You sock it! It barely misses you. The ogre closely misses you.
Unknown command.
You completely miss it.
* * * LOW HITPOINT WARNING * * *
You feel sick.
Unknown command.
You closely miss it.
Your skin is crawling a little less now.
* * * LOW HITPOINT WARNING * * *
You feel sick. The ogre hits you with a giant club.
* * * LOW HITPOINT WARNING * * *
You hear some strange, mumbled words.
The magic dart hits you!
You die...

...............#....
....#.####...........
.....................
.........#.###.##....
.........#.......#
.........#.......#
.........#.......#
.........#......$#
.........#......@#
.#..............O..#
....#.#####.....g#....
.#......................
....#.########.#.#......
.#....# #..(......
....... ..... ...
.#.....# ...... .
...#...# ...


You could see an ogre and a hobgoblin.

Vanquished Creatures
  A hound (D:4)
  4 worker ants
  A gnoll (D:1)
  5 adders
  A giant eyeball (D:4)
  A giant gecko (D:1)
  An ooze (D:1)
  14 bats
  A giant cockroach (D:2)
  6 goblins
  14 hobgoblins
  6 kobolds
  A ball python (D:2)
  A giant newt (D:1)
  4 jackals (D:4)
  A quokka (D:2)
  10 rats
72 creatures vanquished.

Vanquished Creatures (others)
  A rat (D:3)
1 creature vanquished.

Grand Total: 73 creatures vanquished

Notes
Turn   | Place    | Note
--------------------------------------------------------------
     0 | D:1      | Kae, the Minotaur Berserker, began the quest for the Orb.
     0 | D:1      | Reached XP level 1. HP: 19/19 MP: 0/0
    79 | D:1      | Reached skill level 4 in Maces & Flails
    79 | D:1      | Reached XP level 2. HP: 26/26 MP: 0/0
   746 | D:1      | Reached XP level 3. HP: 33/33 MP: 1/1
   768 | D:1      | Acquired Trog's second power
  1454 | D:2      | Found a snail-covered altar of Cheibriados.
  1462 | D:2      | Reached XP level 4. HP: 35/40 MP: 1/1
  2159 | D:4      | Found a staircase to the Ecumenical Temple.
  2169 | D:4      | Reached XP level 5. HP: 28/46 MP: 1/1
  2180 | D:4      | HP: 2/46 [poisoned by a kobold]
  2330 | D:4      | Reached skill level 5 in Maces & Flails
  2337 | D:4      | Paralysed by a giant eyeball for 4 turns
  2582 | D:4      | Noticed Sigmund
  2584 | D:4      | Noticed an ogre
  2592 | D:4      | Killed from afar by Sigmund

Action                   |  1- 3 |  4- 6 || total
-------------------------+-------+-------++-------
Melee: Mace              |    87 |    75 ||   162
Invok: Trog's Hand       |       |     2 ||     2
       Berserk           |       |     1 ||     1
  Use: Potion            |       |     1 ||     1
